 Dungeon Crawl Stone Soup version 0.21.1-1-g345015f (webtiles) character file.

116 Mirai the Digger (level 5, -3/28 HPs)
             Began as a Gargoyle Earth Elementalist on Mar 16, 2018.
             Slain by an orc priest
             ... wielding a +0 hand axe
              (4 damage)
             ... on level 3 of the Dungeon.
             The game lasted 00:07:10 (2257 turns).

Mirai the Digger (Gargoyle Earth Elementalist)      Turns: 2257, Time: 00:07:11

Health: -3/28      AC:  6    Str: 12    XL:     5   Next: 0%
Magic:  0/10       EV: 12    Int: 16    God:
Gold:   100        SH:  0    Dex: 10    Spells: 6/10 levels left

rFire    . . .     SeeInvis .   a - +0 spear (pierce)
rCold    . . .     Gourm    .   (no shield)
rNeg     + . .     Faith    .   c - +0 robe
rPois    ∞         Spirit   .   (no helmet)
rElec    +         Reflect  .   (no cloak)
rCorr    .         Harm     .   (no gloves)
MR       .....                  (no boots)
Stlth    ++........             (no amulet)
HPRegen  0.09/turn              (no ring)
MPRegen  0.12/turn              (no ring)

@: very slightly contaminated
A: negative energy resistance 1, electricity resistance, unbreathing,
petrification resistance, rot immunity, AC +4
a: no special abilities


You were on level 3 of the Dungeon.
You were not hungry.

You visited 1 branch of the dungeon, and saw 3 of its levels.

You collected 100 gold pieces.

Inventory:

Hand Weapons
 a - a +0 spear of piercing (weapon)
 p - a +0 vampiric dagger
Missiles
 b - 64 stones (quivered)
Armour
 c - a +0 robe (worn)
Scrolls
 f - a scroll of random uselessness {unknown}
 h - 2 scrolls of noise {unknown}
 i - a scroll of teleportation {unknown}
 j - 3 scrolls of identify {unknown}
 k - 2 scrolls of fog {unknown}
 l - 3 scrolls of enchant armour {unknown}
 m - a scroll of immolation {unknown}
Potions
 g - 2 potions of curing {unknown}
 n - 2 potions of ambrosia {unknown}
 o - a potion of mutation {unknown}
Books
 e - a book of Geomancy

   Spells                             Type                      Level
   a - Sandblast                      Earth                        1
   b - Passwall                       Transmutation/Earth          2
   c - Stone Arrow                    Conjuration/Earth            3
   d - Petrify                        Transmutation/Earth          4
   e - Lee's Rapid Deconstruction     Earth                        5
Comestibles
 d - 2 rations
 q - a chunk of flesh


   Skills:
 * Level 0.3 Fighting
 + Level 1.9 Dodging
 - Level 2.1 Stealth
 + Level 3.3 Spellcasting
 * Level 1.5 Conjurations
   Level 0.7 Transmutations
 + Level 4.7 Earth Magic


You had 6 spell levels left.
You knew the following spells:

 Your Spells              Type           Power        Failure   Level  Hunger
a - Sandblast             Erth           ###...       2%          1    None
b - Stone Arrow           Conj/Erth      ##....       14%         3    ###....


Dungeon Overview and Level Annotations

Branches:
Dungeon (3/15)

Altars:


Innate Abilities, Weirdness & Mutations

You are resistant to torment.
Your stone body is resilient. (AC +4)
You are immune to poison.
You resist negative energy. (rN+)
You are resistant to electric shocks. (rElec)
You can survive without breathing.
You are immune to petrification.
You are immune to rotting.


Message History

* * * LOW HITPOINT WARNING * * *
Unknown command.
You hit the orc priest but do no damage.
The orc priest is almost dead.
The orc priest hits you with a hand axe.
* * * LOW HITPOINT WARNING * * *
Unknown command.
Casting: Sandblast
Confirm with . or Enter, or press ? or * to list all spells.
Aiming: Sandblast
Press: ? - help, Shift-Dir - straight line, f/p - orc priest
Aim: an orc priest, wielding a hand axe and wearing a chain mail (almost dead)
The blast of sand hits the orc priest.
The orc priest is almost dead.
b - 64 stones The orc priest hits you but does no damage.
You hit the orc priest but do no damage.
The orc priest is almost dead.
The orc priest hits you with a hand axe.
You die...

#.........####...##.##
+.........'...........
#.........####...##.##
#.......## ##.###.#
..#....^## ### #.#
##...## #.# ##'## #.#
#.# ..# #@# ## #o#
#..o.# #.....# #....##
#.#.## ..... ##.### #.


You could see an orc priest and an orc.

Vanquished Creatures
  5 adders
  2 worms (D:2)
  3 dart slugs
  An orc (D:3)
  7 bats
  4 giant cockroaches
  7 goblins
  10 hobgoblins
  6 kobolds
  A ball python (D:2)
  4 frilled lizards
  9 rats
59 creatures vanquished.

Notes
Turn   | Place    | Note
-------+----------+-------------------------------------------
     0 | D:1      | Mirai the Gargoyle Earth Elementalist began the quest for the Orb.
     0 | D:1      | Reached XP level 1. HP: 10/10 MP: 3/3
    71 | D:1      | Reached XP level 2. HP: 15/15 MP: 0/5
   155 | D:1      | Reached skill level 4 in Earth Magic
   522 | D:1      | Reached XP level 3. HP: 19/19 MP: 4/6
  1074 | D:1      | Learned a level 3 spell: Stone Arrow
  1401 | D:2      | Reached skill level 1 in Conjurations
  1407 | D:2      | Reached XP level 4. HP: 19/24 MP: 4/8
  2244 | D:3      | Reached XP level 5. HP: 20/28 MP: 3/10
  2255 | D:3      | HP: 1/28 [orc priest/hand axe (3)]
  2257 | D:3      | Slain by an orc priest

Skill      XL: |  1  2  3 |
---------------+----------+-----
Earth Magic    | 4 |  4.7
Conjurations   | 1 |  1.5
Spellcasting   | 3 |  3.3
Fighting       | |  0.3
Dodging        | |  1.9
Stealth        | |  2.1
Transmutations | |  0.7

Action                   |  1- 3 |  4- 6 || total
-------------------------+-------+-------++-------
Melee: Unarmed           |    19 |       ||    19
       Spear             |    17 |    24 ||    41
       Dagger            |     2 |       ||     2
 Cast: Sandblast         |    42 |    39 ||    81
       Stone Arrow       |       |     1 ||     1
  Eat: Chunk             |     2 |     3 ||     5
Armor: Robe              |    27 |    13 ||    40
Dodge: Dodged            |    36 |    16 ||    52
